 Dungeon Crawl Stone Soup version 0.28-a0-863-g8cecda6153 (webtiles) character file.

Game seed: 2065686048151393474

2999 AvatarAndi78 the Protected (level 9, -3/78 HPs)
             Began as a Minotaur Berserker on Nov 18, 2021.
             Was an Elder of Trog.
             Shot with a sling bullet by Joseph (7 damage)
             ... on level 8 of the Dungeon.
             The game lasted 00:11:27 (7248 turns).

AvatarAndi78 the Protected (Minotaur Berserker)     Turns: 7248, Time: 00:11:27

Health: -3/78      AC: 17    Str: 23    XL:     9   Next: 54%
Magic:  8/8        EV: 13    Int:  4    God:    Trog [****..]
Gold:   277        SH:  0    Dex: 18    Spells: 8/8 levels left

rFire   . . .      SeeInvis .   t - +6 flail "Esycoqod" {protect, *Corrode +Blink Dex+6 Stlth+}
rCold   + . .      Faith    .   (no shield)
rNeg    . . .      Spirit   .   y - +2 scale mail {rC+}
rPois   .          Reflect  .   (helmet restricted)
rElec   .          Harm     .   (no cloak)
rCorr   .          Rampage  .   (no gloves)
Will    .....                   (no boots)
Stlth   ++........              (no amulet)
HPRegen 0.23/turn               (no ring)
MPRegen 0.11/turn               (no ring)

@: under a protective aura
A: horns 2, retaliatory headbutt
a: Renounce Religion, Evoke Blink, Berserk, Trog's Hand, Brothers in Arms


You were on level 8 of the Dungeon.
You worshipped Trog.
Trog was greatly pleased with you.
You visited 1 branch of the dungeon, and saw 8 of its levels.

You collected 277 gold pieces.

Inventory:

Hand Weapons
 t - the +6 flail "Esycoqod" (weapon) {protect, *Corrode +Blink Dex+6 Stlth+}
   (You found it on level 7 of the Dungeon)

   It grants its wielder temporary protection when it strikes (+7 to AC).
   Dex:       It affects your dexterity (+6).
   +Blink:    It lets you blink.
   *Corrode:  It may corrode you when you take damage.
   Stlth:     It makes you more stealthy.
 u - a +5 scimitar
 v - a +5 halberd
Armour
 y - a +2 scale mail of cold resistance (worn)
Jewellery
 a - a ring of positive energy
Wands
 e - a wand of flame (16)
 f - a wand of polymorph (5)
 l - a wand of charming (7)
 p - a wand of paralysis (9)
 x - a wand of acid (9)
Scrolls
 b - a scroll of blinking
 d - a scroll of teleportation
 g - 2 scrolls of enchant armour
 i - a scroll of fear
 o - 2 scrolls of enchant weapon
Potions
 c - a potion of degeneration {unknown}
 h - 9 potions of curing
 m - a potion of haste {unknown}
 n - a potion of berserk rage {unknown}
 r - a potion of ambrosia {unknown}
 s - 4 potions of attraction {unknown}


   Skills:
 + Level 6.5 Fighting
 + Level 5.0(7.6) Axes
 + Level 8.8(9.4) Maces & Flails
 + Level 10.6 Armour
 + Level 4.7 Dodging
 + Level 1.1 Stealth


You had 8 spell levels left.
You didn't know any spells.
Your spell library was empty.

Dungeon Overview and Level Annotations

Branches:
Dungeon (8/15)             Temple (0/1) D:6
   Lair: D:8-11

Altars:
The Shining One

Shops:
D:7 (

Annotations:
D:8 Joseph


Innate Abilities, Weirdness & Mutations

You have a pair of horns on your head.
You reflexively headbutt those who attack you in melee.


Message History

w - a scroll of amnesia Drop what? 22/52 slots (_ for help) (? for menu, Esc to quit)
You drop a scroll of amnesia.
HP restored.
Things that are here:
a stone; a +0 club; a kobold corpse
Things that are here:
a +0 dagger; an orc corpse
Found a club.
Items here: ( )))) ††.
Things that are here:
a +0 dagger; a stone You now have 277 gold pieces (gained 15).
Joseph, a Mercenary comes into view.
He is wielding a +0 quarterstaff.
Joseph shouts!
Joseph unwields a +0 quarterstaff.
Joseph wields a +0 hunting sling.
Joseph shoots a sling bullet.
The sling bullet hits you!
Joseph shoots a sling bullet.
The sling bullet hits you!
You barely miss Joseph. Your headbutt misses Joseph.
Joseph says, "You will never get the ORB, sorry."
Joseph drinks a potion.
Joseph seems to grow stronger.
You hit Joseph.
Your weapon exudes an aura of protection.
Joseph is lightly wounded.
Joseph unwields a +0 hunting sling.
Joseph wields a +0 quarterstaff.
Joseph hits you with a +0 quarterstaff!
You sock Joseph!
Joseph is lightly wounded.
Joseph hits you with a +0 quarterstaff!!
* * * LOW HITPOINT WARNING * * *
You are too injured to fight recklessly!
You are too injured to fight recklessly!
You bludgeon Joseph!! Your headbutt misses Joseph.
Joseph is heavily wounded.
Joseph shouts, "At last, some action!"
Joseph hits you with a +0 quarterstaff!!
* * * LOW HITPOINT WARNING * * *
Joseph unwields a +0 quarterstaff.
Joseph wields a +0 hunting sling.
Joseph shoots a sling bullet.
The sling bullet hits you!
You die...

##)..##.[)).....#
........[))....##
..##....)......#
..#...........##
...............#
...........#...#.
...........#.....
.................)
#..#.....@.###....
...........# ...
..##...###.@......
. ##.. ##.......
#.. ....... ...
.#.#... ... ####
.. .


You could see Joseph (strong).

Vanquished Creatures
  Harold (D:8)
  Pikel (D:6)
  A hornet zombie (D:8)
  An ice beast (D:8)
  3 centaurs
  A lemure (D:6)
  4 kobold brigands
  2 scorpions
  3 wights (D:7)
  3 vampire bats (D:6)
  3 howler monkeys
  2 jellies
  An orc priest (D:6)
  5 hounds
  A gnoll shaman (D:6)
  A bullfrog skeleton (D:7)
  A centaur skeleton (D:7)
  Terence (D:3)
  3 iguanas
  An orc wizard (D:8)
  A hound skeleton (D:4)
  A hound zombie (D:2)
  9 adders
  A howler monkey skeleton (D:5)
  9 gnolls
  A shadow imp (D:7)
  3 adder skeletons (D:2)
  A worm (D:4)
  3 dart slugs
  11 orcs
  8 endoplasms
  3 giant cockroaches
  4 goblins
  8 hobgoblins
  8 jackals (D:4)
  3 quokkas
  5 ball pythons
  A ball python zombie (D:2)
  10 bats
  5 frilled lizards
  29 kobolds
  A quokka skeleton (D:2)
  8 rats
172 creatures vanquished.

Vanquished Creatures (others)
  A withered plant (D:2)
1 creature vanquished.

Grand Total: 173 creatures vanquished

Notes
Turn   | Place    | Note
-------+----------+-------------------------------------------
     0 | D:1      | AvatarAndi78 the Minotaur Berserker began the quest for the
                  | Orb.
     0 | D:1      | Reached XP level 1. HP: 19/19 MP: 0/0
   552 | D:1      | Reached XP level 2. HP: 17/27 MP: 1/1
   887 | D:1      | Found a faded altar of an unknown god.
  1157 | D:1      | Reached XP level 3. HP: 33/33 MP: 2/2
  1333 | D:2      | Reached ** piety under Trog
  1765 | D:2      | Reached XP level 4. HP: 41/41 MP: 3/3
  1943 | D:2      | Reached skill level 3 in Armour
  1945 | D:2      | Reached skill level 1 in Maces & Flails
  2079 | D:2      | Reached skill level 5 in Axes
  2605 | D:3      | Found a glowing golden altar of the Shining One.
  2702 | D:3      | Paralysed by a hobgoblin for 3 turns
  2912 | D:3      | Noticed Terence
  2925 | D:3      | Killed Terence
  2926 | D:3      | Reached XP level 5. HP: 47/47 MP: 4/4
  2926 | D:3      | Reached *** piety under Trog
  3815 | D:4      | Reached XP level 6. HP: 53/53 MP: 5/5
  4105 | D:5      | Entered Level 5 of the Dungeon
  4278 | D:5      | Reached skill level 4 in Armour
  4789 | D:5      | Reached skill level 5 in Armour
  4906 | D:6      | Reached XP level 7. HP: 60/60 MP: 6/6
  4936 | D:6      | Reached skill level 5 in Fighting
  5126 | D:6      | Noticed Pikel
  5137 | D:6      | Killed Pikel
  5138 | D:6      | Reached skill level 5 in Maces & Flails
  5138 | D:6      | Reached skill level 7 in Armour
  5138 | D:6      | Reached XP level 8. HP: 69/69 MP: 7/7
  5154 | D:6      | Reached **** piety under Trog
  5348 | D:6      | Found a staircase to the Ecumenical Temple.
  5677 | D:6      | Reached skill level 8 in Armour
  6328 | D:7      | Identified the +6 flail "Esycoqod" {protect, *Corrode
                  | +Blink Dex+6 Stlth+}
  6484 | D:7      | Found Yngodina's Weapon Shop.
  6550 | D:7      | Reached skill level 9 in Armour
  7077 | D:8      | Reached XP level 9. HP: 72/75 MP: 8/8
  7090 | D:8      | Noticed Harold
  7096 | D:8      | Killed Harold
  7097 | D:8      | Reached skill level 10 in Armour
  7097 | D:8      | Reached skill level 1 in Stealth
  7240 | D:8      | Noticed Joseph
  7248 | D:8      | Shot with a sling bullet by Joseph

Illustrated notes

Levels and vault maps discovered:
D:1:      lightli_arrival_maybe_door_vault, layout_loops_ring,
          ebering_ecumenical_altar_abandoned, hangedman_decor_points,
          kennysheep_minor_cross
D:2:      layout_loops_corners, serial_undead, serial_undead_e, serial_undead_e,
          serial_undead_b, serial_undead_e, serial_undead_d, serial_undead_c
D:3:      layout_loops_ring, mainiacjoe_overflow_24_doors, uniq_terence
D:4:      layout_loops_ring
D:5:      layout_basic
D:6:      layout_basic, minmay_temple_entry_mist, roderic_batcave, uniq_pikel
D:7:      layout_cave_pods, serial_shops, shop
D:8:      layout_cave_pools, kennysheep_ying_yang, serial_shops,
          nicolae_shop_trees, uniq_joseph, uniq_prince_ribbit1, uniq_harold,
          uniq_psyche

Skill      XL: |  1  2  3  4  5  6  7  8  9 |
---------------+----------------------------+-----
Fighting       | 4 5 6 |  6.5
Axes           | 4 5 |  5.0
Armour         | 3 5 7 9 10 | 10.6
Maces & Flails | 1 3 4 5 7 8 |  8.8
Dodging        | 3 4 |  4.7
Stealth        | 1 |  1.1

Action                   |  1- 3 |  4- 6 |  7- 9 || total
-------------------------+-------+-------+-------++-------
Melee: Hand axe          |    57 |       |       ||    57
       Headbutt          |     8 |    23 |    38 ||    69
       Whip              |    22 |   159 |    90 ||   271
       Flail             |       |       |    55 ||    55
Invok: Berserk           |       |     1 |     2 ||     3
       Trog's Hand       |       |       |     3 ||     3
  Use: Scroll            |       |     8 |     1 ||     9
       Potion            |       |     3 |       ||     3
Armor: Animal skin       |     8 |       |       ||     8
       Ring mail         |    14 |    12 |       ||    26
       Scale mail        |       |    19 |    75 ||    94
Dodge: Dodged            |    50 |    79 |   102 ||   231

Table legend: (Time is in decaauts)
 A = Elapsed time spent in this place.
 B = Non-inter-level travel time spent in this place.
 C = Inter-level travel time spent in this place.
 D = Time resting spent in this place.
 E = Time spent auto-exploring this place.
 F = Levels seen in this place.
 G = Mean time per level.
                   A        B        C        D        E       F      G
               +--------+--------+--------+--------+--------+-----+--------+
         Total |   7235 |   6988 |    247 |      0 |   6093 |   8 |  904.4 |
       Dungeon |   7235 |   6988 |    247 |      0 |   6093 |   8 |  904.4 |
               +--------+--------+--------+--------+--------+-----+--------+

Top non-repeatable levels by time:
     D:1: 1253 daAuts
     D:6: 1195 daAuts
     D:2: 1084 daAuts
     D:7: 1023 daAuts
     D:3: 895 daAuts
     D:4: 875 daAuts
     D:5: 787 daAuts
     D:8: 120 daAuts
